 Dungeon Crawl Stone Soup version 0.30-a0-760-g5a9884b (webtiles) character file.

Game seed: 15757045750852901580

5350 Violenta the Cleaver (level 10, 0/81 (91) HPs)
             Began as a Minotaur Fighter on Feb 11, 2023.
             Was an Elder of Okawaru.
             Slain by a wight
             ... wielding a +0 trident
              (3 damage)
             ... on level 8 of the Dungeon.
             The game lasted 00:12:07 (5977 turns).

Violenta the Cleaver (Minotaur Fighter)             Turns: 5977, Time: 00:12:09

HP:   0/81 (91)     AC: 28    Str: 26    XL:     10   Next: 38%
MP:   8/9           EV:  5    Int:  5    God:    Okawaru [****..]
Gold: 617           SH:  5    Dex:  9    Spells: 9/9 levels left

rFire   . . .      SeeInvis .    a - +0 war axe
rCold   . . .      Faith    .    c - +0 buckler
rNeg    . . .      Spirit   .    p - +0 crystal plate armour
rPois   +          Reflect  .    G - +1 hat
rElec   .          Harm     .    J - +2 cloak
rCorr   .          Rampage  .    t - +1 pair of gloves
Will    .....                    i - +0 pair of boots Stlth
                                 e - amulet of regeneration
HPRegen 1.13/turn                C - ring of poison resistance
MPRegen 0.11/turn                (no ring)

@: mighty, heavily drained
A: horns 2, retaliatory headbutt
a: Renounce Religion, Heroism, Finesse


You were on level 8 of the Dungeon.
You worshipped Okawaru.
Okawaru was greatly pleased with you.
You visited 2 branches of the dungeon, and saw 9 of its levels.

You collected 617 gold pieces.

Inventory:

Hand Weapons
 a - a +0 war axe (weapon)
 s - a +1 trident of venom
Armour
 c - a +0 buckler (worn)
 i - a +0 pair of boots (worn)
 p - a +0 crystal plate armour (worn)
 t - a +1 pair of gloves (worn)
 A - the +2 scale mail of the Spheres {rElec Regen+ Stlth-}
   (You found it on level 5 of the Dungeon)

   rElec:     It insulates you from electricity.
   Regen:     It increases your rate of health regeneration.
   Stlth:     It makes you less stealthy.
 E - +0 steam dragon scales
 G - a +1 hat (worn)
 J - a +2 cloak (worn)
Jewellery
 e - an amulet of regeneration (around neck)
 z - a ring of flight
 C - a ring of poison resistance (left hand)
 I - a +5 ring of evasion
Wands
 x - a wand of charming (6)
 D - a wand of flame (34)
 F - a wand of roots (9)
Scrolls
 b - a scroll of acquirement {unknown}
 f - 3 scrolls of immolation {unknown}
 h - 6 scrolls of identify {unknown}
 l - a scroll of torment {unknown}
 m - 2 scrolls of magic mapping {unknown}
 n - 3 scrolls of fog {unknown}
 q - 8 scrolls of teleportation {unknown}
 r - a scroll of enchant armour {unknown}
 y - a scroll of silence {unknown}
 B - a scroll of poison {unknown}
Potions
 d - a potion of might
 g - 2 potions of curing {unknown}
 j - 3 potions of haste
 k - 3 potions of heal wounds {unknown}
 o - 3 potions of attraction {unknown}
 u - 2 potions of degeneration {unknown}
 v - 2 potions of cancellation {unknown}
 w - 2 potions of magic {unknown}
 H - a potion of flight {unknown}


   Skills:
 + Level 9.1 Fighting
 * Level 12.0 Axes
 + Level 9.1 Armour
 + Level 9.1 Shields


You had 9 spell levels left.
You didn't know any spells.
Your spell library contained the following spells:

 Spells                   Type           Power      Damage    Failure   Level
 Freeze                   Ice            0%         1d3       100%        1
 Shock                    Conj/Air       0%         1d3       100%        1
 Sting                    Tmut/Pois      0%         1d3       100%        1
 Lesser Beckoning         Tloc           0%         N/A       100%        2
 Poisonous Vapours        Pois/Air       0%         N/A       100%        2
 Frozen Ramparts          Ice            0%         1d1       100%        3
 Gell's Gravitas          Tloc           0%         N/A       100%        3
 Hailstorm                Conj/Ice       0%         3d3       100%        3
 Portal Projectile        Hex/Tloc       0%         N/A       100%        3
 Swiftness                Air            0%         N/A       100%        3
 Teleport Other           Tloc           0%         N/A       100%        3
 Airstrike                Air            0%         2d(0-16)  100%        4
 Ice Form                 Ice/Tmut       0%         N/A       100%        4
 Leda's Liquefaction      Hex/Erth       0%         N/A       100%        4
 Olgreb's Toxic Radiance  Pois           0%         N/A       100%        4
 Call Canine Familiar     Summ           Unusable   N/A       N/A         3
 Summon Ice Beast         Ice/Summ       Unusable   N/A       N/A         4

Dungeon Overview and Level Annotations

Branches:
Dungeon (8/15)             Temple (1/1) D:4
   Lair: D:8-11

Altars:
Ashenzari
Dithmenos
Elyvilon
Fedhas
Gozag
Hepliaklqana
Kikubaaqudgha
Nemelex Xobeh
Okawaru
Qazlal
Ru
Sif Muna
Trog
Uskayaw
Vehumet
Wu Jian
Xom
Yredelemnul
The Shining One


Innate Abilities, Weirdness & Mutations

You have a pair of horns on your head.
You reflexively headbutt those who attack you in melee.


Message History

The wight hits you but does no damage. The wight hits you with a +0 mace.
* * * LOW HITPOINT WARNING * * *
You feel drained.
* * * LOW HITPOINT WARNING * * *
The orc warrior hits you but does no damage.
The wight hits you with a +2 war axe!
* * * LOW HITPOINT WARNING * * *
You feel drained.
* * * LOW HITPOINT WARNING * * *
Your Axes skill increases to level 12!
You slice something!! Okawaru accepts your kill.
Reactivating autopickup.
You feel a bit more experienced.
You hit the wight. You slash the wight! You slash the orc warrior!
You miss the wight.
You feel less confused. You block the wight's attack.
An orc priest comes into view. It is wielding a +0 heavy hand axe.
The wight hits you but does no damage. x2
The wight hits you with a +2 war axe.
* * * LOW HITPOINT WARNING * * *
You feel drained.
You barely miss the wight.
The orc priest shouts!
Your headbutt misses the wight.
The wight is heavily damaged.
You slice the wight!!
You destroy the wight!
Okawaru accepts your kill.
You barely miss the orc warrior. You slash the wight!
You destroy the wight!
Okawaru accepts your kill.
You hit something.
The orc warrior hits you but does no damage.
The wight hits you with a +0 mace.
* * * LOW HITPOINT WARNING * * *
Something hits you but does no damage.
Deactivating autopickup; reactivate with Ctrl-A.
The wight hits you from afar with a +0 trident.
You die...

###)####.###.## #)#.#..##.o..#
#)#....##.#..#
####.#.......#..# .#
#............#..# .#
#.........##)#..#.####.###
##......#####.#.z#.##.....#
........#......o)#.##.....#
........#......o@#.##.....##z.
......#.#......z{#.##.[.......
..##..#.#####.#oz#.##...o.###
...#..#.# #.#..#............
##.#..#.# #.#.).)...)..####.
...#..# #.#.########.# ......#
..... .# ##.... ..#..# .# ....
... .... #


You could see an orc warrior (fast), 3 wights, an orc priest and 2 orcs.

Vanquished Creatures
  Pikel (D:4)
  Grinder (D:5)
  4 yaks (D:6)
  4 humans (D:6)
  2 steam dragons
  A water moccasin (D:7)
  Duvessa (D:7)
  A black bear (D:6)
  A sky beast (D:7)
  6 orc warriors
  5 ogres
  2 lemures
  A phantom (D:5)
  2 bullfrogs
  5 scorpions
  2 necrophages
  12 wights
  Dowan (D:7)
  A jelly (D:4)
  6 hounds
  3 orc priests
  4 iguanas
  Terence (D:3)
  4 orc wizards
  7 adders
  A shadow imp (D:8)
  2 white imps
  An ufetubus (D:6)
  3 dart slugs
  A worm (D:5)
  44 orcs
  16 bats
  6 endoplasms
  4 giant cockroaches
  6 goblins
  8 hobgoblins
  6 jackals
  4 quokkas
  9 ball pythons
  3 frilled lizards
  7 kobolds
  10 rats
209 creatures vanquished.

Vanquished Creatures (others)
  11 plants (D:4)
11 creatures vanquished.

Grand Total: 220 creatures vanquished

Notes
Turn   | Place    | Note
-------+----------+-------------------------------------------
     0 | D:1      | Violenta the Minotaur Fighter began the quest for the Orb.
     0 | D:1      | Reached XP level 1. HP: 19/19 MP: 0/0
   258 | D:1      | Reached XP level 2. HP: 27/27 MP: 1/1
   341 | D:1      | Reached skill level 3 in Axes
   803 | D:2      | Reached XP level 3. HP: 33/33 MP: 2/2
  1404 | D:3      | Reached XP level 4. HP: 38/40 MP: 3/3
  1432 | D:3      | Found a faded altar of an unknown god.
  1520 | D:3      | Found an opulent altar of Gozag.
  1655 | D:3      | Reached skill level 4 in Axes
  1730 | D:3      | Noticed Terence
  1736 | D:3      | Killed Terence
  1828 | D:3      | Reached XP level 5. HP: 40/47 MP: 4/4
  2224 | D:4      | Noticed a lemure
  2224 | D:4      | Noticed a lemure
  2224 | D:4      | Noticed a lemure
  2226 | D:4      | Noticed Pikel
  2236 | D:3      | Killed a lemure
  2360 | D:4      | Found a sparkling altar of Nemelex Xobeh.
  2579 | D:4      | Reached skill level 5 in Axes
  2764 | D:4      | Killed a lemure
  2778 | D:4      | Killed Pikel
  2779 | D:4      | Reached skill level 5 in Fighting
  2779 | D:4      | Reached skill level 6 in Axes
  2779 | D:4      | Reached skill level 5 in Armour
  2779 | D:4      | Reached skill level 5 in Shields
  2779 | D:4      | Reached XP level 6. HP: 49/56 MP: 5/5
  2779 | D:4      | Reached XP level 7. HP: 53/61 MP: 6/6
  3052 | D:4      | Found a staircase to the Ecumenical Temple.
  3093 | Temple   | Entered the Ecumenical Temple
  3102 | Temple   | Became a worshipper of Warmaster Okawaru
  3289 | D:5      | Entered Level 5 of the Dungeon
  3293 | D:5      | Identified the +2 scale mail of the Spheres {rElec Regen+
                  | Stlth-}
  3299 | D:5      | Reached skill level 7 in Axes
  3379 | D:5      | Found a shadowy altar of Dithmenos.
  3420 | D:5      | Reached XP level 8. HP: 50/70 MP: 7/7
  3570 | D:5      | Reached * piety under Okawaru
  3571 | D:5      | Reached skill level 8 in Axes
  3574 | D:5      | Found a glowing golden altar of the Shining One.
  3882 | D:5      | Noticed Grinder
  3891 | D:5      | Killed Grinder
  4048 | D:6      | Reached ** piety under Okawaru
  4049 | D:6      | Reached skill level 9 in Axes
  4052 | D:6      | Reached XP level 9. HP: 79/79 MP: 8/8
  4274 | D:6      | Reached skill level 10 in Axes
  4771 | D:6      | Reached *** piety under Okawaru
  4900 | D:6      | Reached skill level 11 in Axes
  5120 | D:7      | Noticed Duvessa
  5169 | D:7      | Killed Duvessa
  5170 | D:7      | Reached XP level 10. HP: 58/82 MP: 6/9
  5190 | D:7      | Noticed Dowan
  5209 | D:7      | Killed Dowan
  5850 | D:8      | Reached **** piety under Okawaru
  5976 | D:8      | Reached skill level 12 in Axes
  5977 | D:8      | HP: 3/81 [wight/+0 mace (4)]
  5977 | D:8      | Slain by a wight

Illustrated notes

Levels and vault maps discovered:
D:1:      dpeg_arrival_lava_altar, layout_rooms, grunt_decor_junction,
          chequers_serial_rivers_micro_c, corexii_hall_statues_deadend
D:2:      layout_loops_ring
D:3:      layout_loops_ring, nicolae_gozag_cash_rules_everything_around_me,
          shapermc_ecumenical_altar_venn, uniq_terence
D:4:      cheibrodos_old_hovel, layout_loops_ring, nemelex_diamond_rough_becter,
          minmay_temple_entry_hall, serial_rivers,
          chequers_serial_rivers_large_a, chequers_serial_rivers_micro_d,
          chequers_serial_rivers_room_b, chequers_serial_rivers_micro_a,
          chequers_serial_rivers_micro_c, minmay_pentomino_pile, uniq_pikel
D:5:      layout_loops_ring, tso_metal_star, grunt_dithmenos_smoke,
          kennysheep_generic_room_15, uniq_grinder
D:6:      layout_basic, kennysheep_cross_bottleneck, corexii_leaking_fountain,
          minmay_ruffians
D:7:      layout_loops_cross, kennysheep_decorative_pillar, roderic_batcave,
          uniq_duvessa
D:8:      layout_basic, mainiacjoe_overflow_boulevard, zin_angel, special_room
          [special_room_orc], nicolae_island_escapes
Temple:   nicolae_temple_no_exploring_needed

Skill      XL: |  1  2  3  4  5  6  7  8  9 10 |
---------------+-------------------------------+-----
Axes           | 3 4 6 7 9 11 12 | 12.0
Armour         | 4 5 6 7 8 9 |  9.1
Fighting       | 4 5 6 7 8 9 |  9.1
Shields        | 4 5 6 7 8 9 |  9.1

Action                     |  1- 3 |  4- 6 |  7- 9 | 10-12 || total
---------------------------+-------+-------+-------+-------++-------
  Melee: War axe           |    77 |   101 |   238 |   125 ||   541
         Headbutt          |     7 |     9 |    58 |    23 ||    97
 Invoke: Heroism           |       |       |     3 |     3 ||     6
    Use: Potion            |       |     2 |       |     1 ||     3
 Armour: Scale mail        |    30 |    50 |    99 |    32 ||   211
         Crystal plate arm |       |       |       |    62 ||    62
  Dodge: Dodged            |    39 |    46 |    81 |    28 ||   194
  Block: Buckler           |    16 |    26 |    40 |    32 ||   114

Table legend: (Time is in decaauts)
 A = Elapsed time spent in this place.
 B = Non-inter-level travel time spent in this place.
 C = Inter-level travel time spent in this place.
 D = Time resting spent in this place.
 E = Time spent auto-exploring this place.
 F = Levels seen in this place.
 G = Mean time per level.
                   A        B        C        D        E       F      G
               +--------+--------+--------+--------+--------+-----+--------+
         Total |   6051 |   5747 |    304 |    528 |   3894 |   9 |  672.3 |
       Dungeon |   6033 |   5738 |    295 |    528 |   3894 |   8 |  754.1 |
        Temple |     18 |      9 |      9 |      0 |      0 |   1 |   18.0 |
               +--------+--------+--------+--------+--------+-----+--------+

Top non-repeatable levels by time:
     D:4: 1033 daAuts
     D:6: 1023 daAuts
     D:3: 895 daAuts
     D:7: 787 daAuts
     D:2: 741 daAuts
     D:1: 679 daAuts
     D:5: 674 daAuts
     D:8: 196 daAuts
  Temple: 18 daAuts
